 Dungeon Crawl Stone Soup version 0.19.4-8-ga85b6b9 (webtiles) character file.

69 empire the Skirmisher (level 4, -1/35 HPs)
             Began as a Demonspawn Fighter on Feb 13, 2017.
             Killed by divine providence
             ... invoked by an orc priest
              (17 damage)
             ... on level 3 of the Dungeon.
             The game lasted 00:03:16 (1700 turns).

empire the Skirmisher (Demonspawn Fighter)          Turns: 1700, Time: 00:03:17

Health: -1/35      AC:  9    Str: 18    XL:     4   Next: 2%
Magic:  4/4        EV:  7    Int:  9    God:
Gold:   78         SH:  9    Dex: 12    Spells: 0 memorised, 3 levels left

rFire  . . .     SeeInvis .     a - +0 long sword
rCold  + . .     Gourm    .     b - +0 scale mail
rNeg   . . .     Faith    .     c - +0 shield
rPois  .         Spirit   .     (helmet restricted)
rElec  .         Reflect  .     (no cloak)
rCorr  .         Harm     .     i - +0 pair of gloves
MR     .....                    (no boots)
Stlth  ..........               (no amulet)
                                (no ring)
                                n - ring of protection from cold

@: no status effects
A: horns 1, iridescent scales 1
a: no special abilities


You were on level 3 of the Dungeon.
You were not hungry.

You visited 1 branch of the dungeon, and saw 4 of its levels.

You collected 78 gold pieces.

Inventory:

Hand Weapons
 a - a +0 long sword (weapon)
Armour
 b - a +0 scale mail (worn)
 c - a +0 shield (worn)
 i - a +0 pair of gloves (worn)
Jewellery
 n - a ring of protection from cold (left hand)
Scrolls
 e - a scroll of immolation {unknown}
 k - 2 scrolls of random uselessness {unknown}
 o - 2 scrolls of remove curse {unknown}
 p - a scroll of fear {unknown}
 r - a scroll of identify {unknown}
Potions
 d - 3 potions of might
 j - 2 potions of curing {unknown}
 m - 3 potions of flight {unknown}
Comestibles
 f - 3 bread rations
 g - 2 fruits
 h - a meat ration
 l - a royal jelly
 q - 2 chunks of flesh


   Skills:
 + Level 3.3 Fighting
 * Level 2.8 Long Blades
 + Level 3.1 Armour
 + Level 3.1 Shields


You had 3 spell levels left.
You didn't know any spells.

Dungeon Overview and Level Annotations

Branches:
Dungeon (4/15)
 Temple: D:4-7

Altars:


Innate Abilities, Weirdness & Mutations

You have a pair of small horns on your head.
You are partially covered in iridescent scales. (AC +2)


Message History

The orc hits you.
The orc priest casts a cantrip, but nothing happens.
The orc hits you but does no damage.
The orc priest hits you but does no damage.
Things that are here:
a club; an orc corpse You hit the orc priest.
The orc priest is lightly wounded.
The orc hits you but does no damage. You block the orc priest's attack.
The orc hits you but does no damage.
You hit the orc priest.
The orc priest is heavily wounded.
The orc priest hits you with a club. The orc hits you but does no damage.
You hit the orc priest.
You headbutt the orc priest, but do no damage.
The orc priest is severely wounded.
The orc priest barely misses you. The orc hits you but does no damage.
The orc priest invokes the aid of Beogh against you.
Beogh smites you!
You die...

..# ... ### ..#. #.. .#
(.#.# #.# ..# ###.####..##
........... .o...#..# #
###### #o#.##..# ...<.#
#@o.....# .##..... ####.#
##...#### ......#. ... #
#...# .....#( ..... #.
#...# #.#... ###...o#..
#...# #.....
....#..###...########.....
.........(........##.....
..................>.....
.......((...((..###....


You could see an orc priest and 2 orcs.

Vanquished Creatures
  2 oozes (D:1)
  2 dart slugs (D:1)
  A leopard gecko (D:2)
  3 orcs (D:3)
  2 ball pythons
  2 giant cockroaches
  8 goblins
  5 hobgoblins
  6 kobolds
  A quokka (D:2)
  10 bats
  3 frilled lizards
  4 rats
49 creatures vanquished.

Notes
Turn   | Place    | Note
-------+----------+-------------------------------------------
     0 | D:1      | empire the Demonspawn Fighter began the quest for the Orb.
     0 | D:1      | Reached XP level 1. HP: 18/18 MP: 1/1
    84 | D:1      | Gained mutation: You are partially covered in iridescent scales. (AC +2) [demonic ancestry]
    84 | D:1      | Reached XP level 2. HP: 18/24 MP: 2/2
   441 | D:1      | Gained mutation: You have a pair of small horns on your head. [demonic ancestry]
   441 | D:1      | Reached XP level 3. HP: 29/29 MP: 3/3
  1696 | D:3      | Reached XP level 4. HP: 20/35 MP: 4/4
  1700 | D:3      | Killed from afar by an orc priest

Skill      XL: |  1  2  3 |
---------------+----------+-----
Long Blades    | 2 |  2.8
Armour         | 3 |  3.1
Shields        | 3 |  3.1
Fighting       | |  3.3

Action                   |  1- 3 |  4- 6 || total
-------------------------+-------+-------++-------
Melee: Long sword        |   146 |     3 ||   149
       Headbutt          |     8 |     1 ||     9
  Eat: Chunk             |     3 |       ||     3
Armor: Scale mail        |   104 |     6 ||   110
Dodge: Dodged            |    51 |     1 ||    52
Block: Shield            |   113 |     1 ||   114
       Rpst.: Long sword |    14 |       ||    14
